 Dungeon Crawl Stone Soup version 0.31-a0-1589-g8f5e8aebd6 (webtiles) character file.

Game seed: 5944461414563381333

6030 CougarLife the Grappler (level 10, -6/25 HPs)
             Began as a Gnoll Shapeshifter on Jan 6, 2024.
             Was a Priest of Okawaru.
             Mangled by a death yak (10 damage)
             ... on level 9 of the Dungeon.
             The game lasted 00:18:55 (8180 turns).

CougarLife the Grappler (Gnoll Shapeshifter)        Turns: 8180, Time: 00:18:55

Health: -6/25      AC: 19    Str: 18    XL:     10   Next: 86%
Magic:  18/18      EV: 14    Int: 10    God:    Okawaru [***...]
Gold:   445        SH:  0    Dex: 11    Spells: 20/20 levels left

rFire   . .          .
                       - Unarmed
rCold   + . .        (no shield)
rNeg    + . .        a - melded +0 animal skin rPois โˆž
                     q - +0 helmet
rElec   +            (no cloak)
rCorr   .            C - melded +0 pair of gloves
SInv    +            (boots currently unavailable)
Will    .....        A - amulet "Ufipt" {Faith rC+ Slay+2}
Stlth   +++          p - ring of see invisible
HPRegen 0.24/turn    (no ring)
MPRegen 0.16/turn

%: faith
@: statue-form, very slow
A: slow and powerful, torment resistance 1, reduced hp, fangs 1, strong nose,
distributed training
a: Begin Untransformation, Renounce Religion, Heroism


You were on level 9 of the Dungeon.
You worshipped Okawaru.
Okawaru was most pleased with you.
You were a living statue of rough stone.
You visited 2 branches of the dungeon, and saw 10 of its levels.

You collected 445 gold pieces.

Inventory:

Missiles
 f - 8 boomerangs (quivered)
 x - 4 atropa-tipped darts
 z - 14 poisoned darts
 B - 2 javelins
 E - 2 curare-tipped darts
Armour
 a - a +0 animal skin (melded)
 q - a +0 helmet (worn)
 C - a +0 pair of gloves (melded)
Jewellery
 e - an amulet of the acrobat
 n - a ring of flight
 p - a ring of see invisible (left fist)
 r - a +6 ring of intelligence
 A - the amulet "Ufipt" (around neck) {Faith rC+ Slay+2}
   (You found it on level 5 of the Dungeon)

   [amulet of faith]

   Faith:     It allows you to gain divine favour quickly.
   Slay+2:    It affects your accuracy & damage with ranged weapons and melee
   (+2).
   rC+:       It protects you from cold.
Talismans
 c - a beast talisman
 d - a flux talisman
 F - a granite talisman (active)
Wands
 h - a wand of paralysis (6)
 D - a wand of polymorph (12)
 G - a wand of light (6)
Scrolls
 g - 3 scrolls of fear {unknown}
 j - 11 scrolls of identify {unknown}
 l - 2 scrolls of vulnerability {unknown}
 o - a scroll of immolation {unknown}
 u - 2 scrolls of summoning {unknown}
 v - a scroll of poison {unknown}
 w - a scroll of amnesia {unknown}
 y - 3 scrolls of teleportation {unknown}
 H - a scroll of noise {unknown}
 I - a scroll of silence {unknown}
Potions
 k - a potion of enlightenment {unknown}
 m - 2 potions of might {unknown}
 s - 3 potions of brilliance {unknown}
 t - a potion of mutation {unknown}
 J - a potion of berserk rage {unknown}


   Skills:
 + Level 6.5 Fighting
 + Level 5.9 Short Blades
 + Level 5.9 Long Blades
 + Level 5.9 Axes
 + Level 5.9 Maces & Flails
 + Level 5.9 Polearms
 + Level 5.9 Staves
 + Level 5.9 Ranged Weapons
 + Level 5.9 Throwing
 + Level 5.9 Armour
 + Level 7.5 Dodging
 + Level 5.9 Stealth
 + Level 5.9 Shields
 + Level 8.9 Unarmed Combat
 + Level 5.9 Spellcasting
 + Level 4.8 Conjurations
 + Level 4.8 Hexes
 + Level 4.8 Summonings
 + Level 4.8 Necromancy
 + Level 4.8 Translocations
 + Level 4.8 Fire Magic
 + Level 4.8 Ice Magic
 + Level 4.8 Air Magic
 + Level 4.8 Earth Magic
 + Level 4.8 Alchemy
 + Level 6.4 Invocations
 + Level 5.9 Evocations
 + Level 8.5 Shapeshifting


You had 20 spell levels left.
You didn't know any spells.
Your spell library contained the following spells:

 Spells                   Type           Power      Damage    Failure   Level
 Shock                    Conj/Air       48%        1d6       2%          1
 Ensorcelled Hibernation  Hex/Ice        24%        N/A       4%          2
 Fugue of the Fallen      Necr           12%        N/A       9%          3
 Swiftness                Air            12%        N/A       9%          3
 Airstrike                Air            6%         2d(1-17)  28%         4
 Anguish                  Hex/Necr       6%         N/A       28%         4
 Summon Ice Beast         Ice/Summ       Unusable   N/A       N/A         3
 Summon Mana Viper        Hex/Summ       Unusable   N/A       N/A         5
 Monstrous Menagerie      Summ           Unusable   N/A       N/A         7

Dungeon Overview and Level Annotations

Branches:
Dungeon (9/15)             Temple (1/1) D:6             Orc (0/2) D:9
   Lair: D:8-11

Altars:
Ashenzari
Cheibriados
Dithmenos
Gozag
Hepliaklqana
Kikubaaqudgha
Makhleb
Nemelex Xobeh
Okawaru
Qazlal
Ru
Sif Muna
Trog
Uskayaw
Vehumet
Xom
Yredelemnul
Zin
The Shining One

Annotations:
D:4 1 runed translucent door
D:6 2 transporters, bungle's ghost, novice DECj


Innate Abilities, Weirdness & Mutations

You are a living statue of rough stone.
Your actions are slow, but your melee attacks are powerful.
You are resistant to unholy torment.
Your maximum health is decreased, since you lack skill for your form.
Your equipment is partially melded.
You are immune to poison.
You have very sharp teeth.
Your uncanny sense of smell can sniff out nearby items.
Your experience applies equally to all skills.


Message History

You turn into a living statue of rough stone.
Your +0 pair of gloves melds into your body.
Your +0 animal skin melds into your body.
HP restored.
You open the door.
There is an open door here.
You open the door.
There is an open door here.
Items here: ))))) [[[.
Things that are here:
a +0 dagger; a +0 short sword; a howler monkey skeleton A yak comes into view.
The yak bellows!
There is an open door here.
Things that are here:
a +0 dagger; a +0 short sword; a howler monkey skeleton
Items here: ))))) [[[.
Things that are here:
a +0 dagger; a +0 short sword; a howler monkey skeleton
Items here: ))))) [[[.
You hit the death yak.
The death yak is lightly wounded.
The death yak gores you but does no damage.
The death yak barely misses you.
You barely miss the death yak. You bite the death yak.
The death yak is lightly wounded.
The death yak gores you!
You punch the death yak!
You punch the death yak, but do no damage.
The death yak is lightly wounded.
The death yak gores you but does no damage.
You punch the death yak!
The death yak is moderately wounded.
The death yak gores you!
Ouch! That really hurt!
* * * LOW HITPOINT WARNING * * *
You barely miss the death yak. You bite the death yak.
The death yak is moderately wounded.
The death yak gores you!
You die...

...# #........# โˆ† ####
######'### ##....# . #..#### .
#.## ####+## ###. # #.#
####.....###... ########.######
#..'..####.o...
....#.........#####.##..#.....8..
###.#.........#.8YY.##..#........
# #.............######...Y..YYY..
# ###.........### #...8Y..Y>.. #
####.#.#..# #....YY.รท... #
#.#.##..# #..#....(..!
##.#.###..# #..#....(8.. #..#.#
#..# #######.(... ###.##.# #...
###.## ### #......# #.. โˆ† #(#


You could see a death yak and a yak.

Vanquished Creatures
  A boulder beetle (D:8)
  A death yak (D:9)
  A troll (D:9)
  Prince Ribbit (D:7)
  Sigmund (D:6)
  6 yaks (D:5)
  Eustachio (D:5)
  3 water moccasins
  The ghost of lunkers the Cutter, an amateur VSFi (D:4)
  A black bear (D:6)
  3 orc warriors (D:9)
  3 ice beasts
  2 ogres (D:6)
  2 phantoms
  4 kobold brigands
  Blork the orc (D:5)
  2 bullfrogs
  4 scorpions
  4 wights (D:7)
  4 howler monkeys (D:9)
  2 bombardier beetles (D:3)
  2 jellies
  2 orc priests
  4 hounds
  4 iguanas
  Ijyb (D:5)
  5 orc wizards
  7 gnolls
  8 adders
  A river rat (D:4)
  A shadow imp (D:8)
  2 white imps
  4 ufetubi
  4 ribbon worms
  3 dart slugs
  13 orcs
  5 endoplasms
  2 giant cockroaches
  15 goblins
  10 hobgoblins
  9 jackals
  5 quokkas
  6 ball pythons
  11 bats
  4 frilled lizards
  20 kobolds
  9 rats
205 creatures vanquished.

Notes
Turn   | Place    | Note
-------+----------+-------------------------------------------
     0 | D:1      | CougarLife the Gnoll Shapeshifter began the quest for the
                  | Orb.
     0 | D:1      | Reached XP level 1. HP: 17/17 MP: 1/1
   152 | D:1      | Reached XP level 2. HP: 23/23 MP: 2/2
   396 | D:1      | Found a faded altar of an unknown god.
   427 | D:1      | Reached XP level 3. HP: 15/28 MP: 3/3
   744 | D:1      | Reached skill level 1 in Invocations
   858 | D:2      | Reached skill level 1 in Short Blades
   858 | D:2      | Reached skill level 1 in Long Blades
   858 | D:2      | Reached skill level 1 in Axes
   858 | D:2      | Reached skill level 1 in Maces & Flails
   858 | D:2      | Reached skill level 1 in Polearms
   858 | D:2      | Reached skill level 1 in Staves
   858 | D:2      | Reached skill level 1 in Ranged Weapons
   858 | D:2      | Reached skill level 1 in Throwing
   858 | D:2      | Reached skill level 1 in Armour
   858 | D:2      | Reached skill level 1 in Stealth
   858 | D:2      | Reached skill level 1 in Shields
   858 | D:2      | Reached skill level 1 in Spellcasting
   858 | D:2      | Reached skill level 1 in Evocations
   901 | D:2      | Reached XP level 4. HP: 29/34 MP: 5/5
  1102 | D:2      | Reached skill level 1 in Conjurations
  1102 | D:2      | Reached skill level 1 in Hexes
  1102 | D:2      | Reached skill level 1 in Summonings
  1102 | D:2      | Reached skill level 1 in Necromancy
  1102 | D:2      | Reached skill level 1 in Translocations
  1102 | D:2      | Reached skill level 1 in Fire Magic
  1102 | D:2      | Reached skill level 1 in Ice Magic
  1102 | D:2      | Reached skill level 1 in Air Magic
  1102 | D:2      | Reached skill level 1 in Earth Magic
  1102 | D:2      | Reached skill level 1 in Alchemy
  1521 | D:3      | Reached XP level 5. HP: 40/40 MP: 5/7
  1893 | D:3      | Found a faded altar of an unknown god.
  1908 | D:3      | Reached XP level 6. HP: 29/47 MP: 8/8
  1911 | D:3      | Found an opulent altar of Gozag.
  2095 | D:4      | Reached skill level 5 in Dodging
  2472 | D:4      | Found a runed translucent door.
  2472 | D:4      | Noticed lunkers's ghost (amateur VSFi)
  2482 | D:4      | Killed lunkers's ghost
  2483 | D:4      | Reached XP level 7. HP: 52/52 MP: 10/10
  2516 | D:4      | Found a runed translucent door.
  3189 | D:5      | Entered Level 5 of the Dungeon
  3373 | D:5      | Noticed Ijyb
  3383 | D:5      | Paralysed by Ijyb for 2 turns
  3394 | D:5      | Killed Ijyb
  3554 | D:5      | Identified the amulet "Ufipt" {Faith rC+ Slay+2}
  3593 | D:5      | Reached XP level 8. HP: 22/60 MP: 12/12
  3786 | D:5      | Noticed Eustachio
  3810 | D:5      | Noticed a yak
  3812 | D:5      | Killed Eustachio
  3817 | D:5      | Noticed a yak
  3821 | D:5      | Noticed a yak
  3821 | D:5      | Noticed a yak
  3823 | D:5      | Noticed a yak
  3823 | D:5      | Noticed a yak
  3830 | D:5      | Killed a yak
  3835 | D:5      | Killed a yak
  3845 | D:5      | Killed a yak
  3850 | D:5      | Killed a yak
  3857 | D:5      | Killed a yak
  3858 | D:5      | Reached XP level 9. HP: 49/67 MP: 13/15
  4143 | D:5      | Found a hide-covered altar of Uskayaw.
  4169 | D:5      | Reached skill level 5 in Fighting
  4209 | D:5      | Noticed Blork the orc
  4214 | D:5      | Killed Blork the orc
  4250 | D:5      | Identified the +0 quarterstaff of Voyl {flame, rN+ Dex+3}
  4503 | D:6      | Found a staircase to the Ecumenical Temple.
  4555 | Temple   | Entered the Ecumenical Temple
  4565 | Temple   | Became a worshipper of Warmaster Okawaru
  4616 | D:6      | Found a transporter.
  4618 | D:6      | Found a transporter.
  4619 | D:6      | Noticed bungle's ghost (novice DECj)
  5015 | D:6      | Reached skill level 5 in Invocations
  5064 | D:6      | You fall into a shaft and drop 1 floor!
  5071 | D:7      | Noticed Prince Ribbit
  5196 | D:6      | Found a hazy altar of Hepliaklqana.
  5197 | D:6      | Found a shadowy altar of Dithmenos.
  5280 | D:6      | Noticed Sigmund
  5291 | D:6      | Killed Sigmund
  5291 | D:6      | Reached * piety under Okawaru
  5917 | D:7      | Reached skill level 5 in Short Blades
  5917 | D:7      | Reached skill level 5 in Long Blades
  5917 | D:7      | Reached skill level 5 in Axes
  5917 | D:7      | Reached skill level 5 in Maces & Flails
  5917 | D:7      | Reached skill level 5 in Polearms
  5917 | D:7      | Reached skill level 5 in Staves
  5917 | D:7      | Reached skill level 5 in Ranged Weapons
  5917 | D:7      | Reached skill level 5 in Throwing
  5917 | D:7      | Reached skill level 5 in Armour
  5917 | D:7      | Reached skill level 5 in Stealth
  5917 | D:7      | Reached skill level 5 in Shields
  5917 | D:7      | Reached skill level 5 in Spellcasting
  5917 | D:7      | Reached skill level 5 in Evocations
  5917 | D:7      | Reached XP level 10. HP: 50/76 MP: 17/17
  6059 | D:7      | Found a shimmering blue altar of Sif Muna.
  6059 | D:7      | Found a broken altar of Ashenzari.
  6067 | D:7      | Found a faded altar of an unknown god.
  6069 | D:7      | Found a faded altar of an unknown god.
  6071 | D:7      | Found a burning altar of Makhleb.
  6286 | D:7      | Killed Prince Ribbit
  6489 | D:8      | Reached ** piety under Okawaru
  6641 | D:8      | Noticed a boulder beetle
  6654 | D:8      | Found a sparkling altar of Nemelex Xobeh.
  6673 | D:8      | Killed a boulder beetle
  7212 | D:8      | Found a snail-covered altar of Cheibriados.
  7396 | D:9      | Found a glowing golden altar of the Shining One.
  7396 | D:9      | Found a glowing silver altar of Zin.
  7635 | D:9      | Reached *** piety under Okawaru
  7696 | D:9      | Found a staircase to the Orcish Mines.
  7795 | D:9      | Noticed a death yak
  7824 | D:9      | Killed a death yak
  8101 | D:9      | Noticed a death yak
  8101 | D:9      | Noticed a death yak
  8101 | D:9      | Noticed a death yak
  8180 | D:9      | Mangled by a death yak

Illustrated notes

Levels and vault maps discovered:
D:1:      eino_arrival_cavern_a, layout_loops_ring,
          shapermc_ecumenical_altar_totnotflames
D:2:      minmay_alternating_diamond, layout_rooms, minmay_indecisive_spiral
D:3:      layout_rooms, nicolae_overflow_ecumenical_swirl,
          minmay_strange_pillars
D:4:      layout_cave_pods, ebering_ghost_sewer_f
D:5:      layout_loops_cross, mainiacjoe_overflow_brackets, uniq_ijyb,
          uniq_eustachio, uniq_blork_the_orc
D:6:      layout_basic, riverfiend_overflow_shadow_ancestor,
          minmay_temple_entry_sparse_star, serial_rivers,
          chequers_serial_rivers_micro_b, chequers_serial_rivers_small_3,
          chequers_serial_rivers_room_b, chequers_serial_rivers_micro_a,
          chequers_serial_rivers_micro_a, chequers_serial_rivers_room_b,
          gammafunk_ghost_hive, uniq_sigmund
D:7:      layout_basic, chequers_temple_overflow_minitemple, uniq_prince_ribbit1
D:8:      layout_loops_cross, nemelex_xobeh_ov_fountains_minmay,
          lemuel_coloured_pillars_altar, corexii_corridor_pit,
          nrook_mini_vaults, chequers_mini_garden,
          eino_small_chamber_without_monster
D:9:      layout_roguey, dreamdust_divine_triumvirate,
          mainiacjoe_overflow_chevrons, dpeg_lair_monsters, david_orc_2,
          uniq_psyche
Temple:   nicolae_temple_godpark

Skill      XL: |  1  2  3  4  5  6  7  8  9 10 |
---------------+-------------------------------+-----
Invocations    | 1 2 3 4 5 6 |  6.4
Short Blades   | 1 2 3 4 5 |  5.9
Long Blades    | 1 2 3 4 5 |  5.9
Axes           | 1 2 3 4 5 |  5.9
Maces & Flails | 1 2 3 4 5 |  5.9
Polearms       | 1 2 3 4 5 |  5.9
Staves         | 1 2 3 4 5 |  5.9
Ranged Weapons | 1 2 3 4 5 |  5.9
Throwing       | 1 2 3 4 5 |  5.9
Armour         | 1 2 3 4 5 |  5.9
Stealth        | 1 2 3 4 5 |  5.9
Shields        | 1 2 3 4 5 |  5.9
Spellcasting   | 1 2 3 4 5 |  5.9
Evocations     | 1 2 3 4 5 |  5.9
Conjurations   | 1 2 3 4 |  4.8
Hexes          | 1 2 3 4 |  4.8
Summonings     | 1 2 3 4 |  4.8
Necromancy     | 1 2 3 4 |  4.8
Translocations | 1 2 3 4 |  4.8
Fire Magic     | 1 2 3 4 |  4.8
Ice Magic      | 1 2 3 4 |  4.8
Air Magic      | 1 2 3 4 |  4.8
Earth Magic    | 1 2 3 4 |  4.8
Alchemy        | 1 2 3 4 |  4.8
Fighting       | 3 4 5 6 |  6.5
Dodging        | 5 6 7 |  7.5
Unarmed Combat | 7 8 |  8.9
Shapeshifting  | 7 8 |  8.5

Action                     |  1- 3 |  4- 6 |  7- 9 | 10-12 || total
---------------------------+-------+-------+-------+-------++-------
  Melee: Unarmed           |    78 |   117 |   183 |   113 ||   491
         Bite              |     9 |     8 |    16 |    13 ||    46
         Punch             |       |     5 |    14 |     6 ||    25
  Throw: Boomerang         |       |     8 |    55 |    28 ||    91
         Dart              |       |       |    11 |    18 ||    29
         Javelin           |       |       |     2 |     4 ||     6
 Invoke: Heroism           |       |       |     2 |     2 ||     4
    Use: Potion            |       |     2 |     4 |     4 ||    10
   Stab: Sleeping          |     2 |     3 |     5 |     1 ||    11
         Distracted        |       |     1 |       |       ||     1
         Invisible         |       |       |     1 |       ||     1
 Armour: Animal skin       |    26 |    42 |    69 |    47 ||   184
         Skin              |       |     4 |    38 |     9 ||    51
  Dodge: Dodged            |    57 |    97 |    84 |    63 ||   301
   Form: Beast             |     1 |     1 |     1 |       ||     3
                           |       |     1 |     1 |       ||     2
         Statue            |       |       |       |     1 ||     1

Table legend: (Time is in decaauts)
 A = Elapsed time spent in this place.
 B = Non-inter-level travel time spent in this place.
 C = Inter-level travel time spent in this place.
 D = Time resting spent in this place.
 E = Time spent auto-exploring this place.
 F = Levels seen in this place.
 G = Mean time per level.
                   A        B        C        D        E       F      G
               +--------+--------+--------+--------+--------+-----+--------+
         Total |   8153 |   7891 |    262 |   1228 |   5065 |  10 |  815.3 |
       Dungeon |   8132 |   7888 |    244 |   1228 |   5065 |   9 |  903.6 |
        Temple |     20 |      2 |     18 |      0 |      0 |   1 |   20.0 |
               +--------+--------+--------+--------+--------+-----+--------+

Top non-repeatable levels by time:
     D:6: 1207 daAuts
     D:4: 1137 daAuts
     D:5: 1089 daAuts
     D:8: 950 daAuts
     D:7: 921 daAuts
     D:1: 799 daAuts
     D:9: 792 daAuts
     D:3: 625 daAuts
     D:2: 609 daAuts
  Temple: 20 daAuts
